 Dungeon Crawl Stone Soup version 0.24.0-123-gd5b16e6ec5 (webtiles) character file.

Game seed: 11379808698615654007, levelgen mode: deterministic

19471 Norian the Thaumaturge (level 12, -4/68 HPs)
             Began as a Deep Elf Conjurer on Dec 19, 2019.
             Was a High Priest of Vehumet.
             Slain by a two-headed ogre
             ... wielding a +0 giant spiked club
              (13 damage)
             ... on level 10 of the Dungeon.
             The game lasted 00:57:18 (14829 turns).

Norian the Thaumaturge (Deep Elf Conjurer)         Turns: 14829, Time: 00:57:19

Health: -4/68      AC:  9    Str:  9    XL:     12   Next: 36%
Magic:  1/45       EV: 20    Int: 27    God:    Vehumet [*****.]
Gold:   499        SH:  0    Dex: 21    Spells: 19/36 levels left

rFire    + + .     SeeInvis +   R - staff of power (curse)
rCold    x . .     Gourm    .   (no shield)
rNeg     . . .     Faith    .   F - +1 robe of Marbles {rF+ Dex+4}
rPois    +         Spirit   .   t - +0 helmet
rElec    .         Reflect  .   d - +1 cloak
rCorr    .         Harm     .   e - +0 pair of gloves
MR       +....                  S - +0 pair of boots
Stlth    +++.......             (no amulet)
HPRegen  1.21/turn              E - +5 ring of intelligence
MPRegen  0.29/turn              g - ring "Dan Peot" {Fire rPois Dex+2 SInv}

@: regenerating
A: no striking features
a: Renounce Religion


You were on level 10 of the Dungeon.
You worshipped Vehumet.
Vehumet was extremely pleased with you.
You were not hungry.

You visited 2 branches of the dungeon, and saw 12 of its levels.

You collected 624 gold pieces.
You spent 125 gold pieces at shops.

Inventory:

Hand Weapons
 T - the +7 great mace "Oxysug" {crush, Str+7}
   (You took it off an orc on level 11 of the Dungeon)

   It inflicts extra damage upon your enemies.
   It affects your strength (+7).
Armour
 d - a +1 cloak (worn)
 e - a +0 pair of gloves (worn)
 t - a +0 helmet (worn)
 F - the +1 robe of Marbles (worn) {rF+ Dex+4}
   (You bought it in a shop on level 5 of the Dungeon)

   It affects your dexterity (+4).
   It protects you from fire.
 S - a +0 pair of boots (worn)
Magical Staves
 J - an uncursed staff of summoning
 Q - an uncursed staff of earth
 R - a cursed staff of power (weapon)
Jewellery
 f - a +6 ring of dexterity
 g - the ring "Dan Peot" (right hand) {Fire rPois Dex+2 SInv}
   (You found it on level 6 of the Dungeon)

   [ring of fire]

   It enhances your fire magic.
   It affects your dexterity (+2).
   It protects you from fire.
   It makes you vulnerable to cold.
   It protects you from poison.
   It lets you see invisible.
 v - an uncursed ring of see invisible
 A - an uncursed ring of poison resistance
 E - a +5 ring of intelligence (left hand)
Wands
 q - a wand of flame (10)
 z - a wand of digging (13)
 B - a wand of random effects (17)
 G - a wand of acid (9)
 I - a wand of disintegration (16)
 L - a wand of iceblast (5)
Scrolls
 a - 6 scrolls of remove curse
 i - 5 scrolls of enchant weapon
 j - a scroll of immolation {unknown}
 k - 2 scrolls of magic mapping {unknown}
 l - a scroll of fog {unknown}
 m - 6 scrolls of teleportation
 n - 2 scrolls of noise {unknown}
 o - 4 scrolls of identify
 p - a scroll of amnesia {unknown}
 y - a scroll of summoning {unknown}
 M - 2 scrolls of blinking {unknown}
 N - 2 scrolls of fear {unknown}
Potions
 b - 3 potions of heal wounds {unknown}
 h - 3 potions of ambrosia {unknown}
 r - 2 potions of lignification {unknown}
 u - a potion of mutation {unknown}
 w - a potion of curing
 x - 2 potions of agility {unknown}
 C - 2 potions of degeneration
 D - a potion of berserk rage {unknown}
 H - 2 potions of haste
 K - a potion of brilliance {unknown}
 O - 2 potions of flight
 P - 2 potions of might {unknown}
Comestibles
 c - 22 rations
 s - 2 chunks of flesh


   Skills:
 + Level 5.4 Fighting
 - Level 4.0 Armour
 - Level 9.0 Dodging
 - Level 5.0 Stealth
 + Level 12.9 Spellcasting
 + Level 10.9 Conjurations
 - Level 8.0 Hexes
 - Level 5.1 Charms
 - Level 6.0 Necromancy
 - Level 3.1 Translocations
 - Level 5.2 Evocations


You had 19 spell levels left.
You knew the following spells:

 Your Spells              Type           Power        Failure   Level  Hunger
a - Magic Dart            Conj           ####         1%          1    None
b - Iskenderun's Mystic   Conj           ######..     1%          4    None
c - Fulminant Prism       Conj/Hex       ######....   1%          4    None
d - Regeneration          Chrm/Necr      #####.....   1%          3    None
e - Vampiric Draining     Necr           #####.....   1%          3    None
f - Blink                 Tloc           N/A          1%          2    None

Your spell library contained the following spells:

 Spells                   Type           Power        Failure   Level  Hunger
 Poison Arrow             Conj/Pois      #####.....   13%         6    ####...
 Animate Skeleton         Necr           N/A          1%          1    None
 Apportation              Tloc           ####..       1%          1    None
 Confusing Touch          Hex            ######       1%          1    None
 Pain                     Necr           ####         1%          1    None
 Sting                    Conj/Pois      ####         1%          1    None
 Corpse Rot               Necr           N/A          1%          2    None
 Searing Ray              Conj           ######       1%          2    None
 Slow                     Hex            ######..     1%          2    None
 Conjure Flame            Conj/Fire      ######..     1%          3    None
 Dazzling Spray           Conj/Hex       ######       1%          3    None
 Mephitic Cloud           Conj/Pois/Air  #####...     1%          3    None
 Stone Arrow              Conj/Erth      #####.       1%          3    None
 Force Lance              Conj/Tloc      ######..     1%          4    None
 Animate Dead             Necr           N/A          2%          4    None
 Venom Bolt               Conj/Pois      #####.....   2%          5    ##.....
 Beastly Appendage        Tmut           ###...       3%          1    None
 Summon Small Mammal      Summ           ###.         3%          1    None
 Call Imp                 Summ           ###.....     4%          2    None
 Poisonous Vapours        Pois/Air       ###...       4%          2    None
 Sticks to Snakes         Tmut           ###.....     4%          2    None
 Leda's Liquefaction      Hex/Erth       #####.....   6%          4    None
 Olgreb's Toxic Radiance  Pois           ###.....     9%          4    None
 Spider Form              Tmut/Pois      ###.......   10%         3    None
 Ice Form                 Ice/Tmut       ###.....     32%         4    None
 Summon Forest            Summ/Tloc      ####......   41%         5    ##.....
 Blade Hands              Tmut           ###.......   65%         5    ##.....
 Hydra Form               Tmut           ###.......   99%         6    ####...
 Summon Hydra             Summ           ###.......   100%        7    ######.


Dungeon Overview and Level Annotations

Branches:
Dungeon (11/15)            Temple (1/1) D:6            Lair (0/6) D:9
    Orc (0/2) D:11

Altars:
Ashenzari
Cheibriados
Dithmenos
Elyvilon
Fedhas
Gozag
Hepliaklqana
Kikubaaqudgha
Makhleb
Nemelex Xobeh
Okawaru
Qazlal
Ru
Sif Muna
Trog
Uskayaw
Vehumet
Wu Jian
Xom
Yredelemnul
Zin
The Shining One
Beogh

Shops:
D:5 [   D:8 %


Message History

Confirm with . or Enter, or press ? or * to list all spells.
Okay, then.
Casting: Iskenderun's Mystic Blast (safe; 1% risk of failure)
Confirm with . or Enter, or press ? or * to list all spells.
You blink.
Casting: Blink (safe; 1% risk of failure)
Confirm with . or Enter, or press ? or * to list all spells.
Okay, then.
Casting: Blink (safe; 1% risk of failure)
Confirm with . or Enter, or press ? or * to list all spells.
Your skin crawls.
Casting: Regeneration (safe; 1% risk of failure)
Confirm with . or Enter, or press ? or * to list all spells.
Okay, then.
Okay, then.
Casting: Regeneration (safe; 1% risk of failure)
Confirm with . or Enter, or press ? or * to list all spells.
You blink.
The two-headed ogre hits you with a +0 giant spiked club!
You die...

#################################
†................................
###†.#####.........####..########
# #.†# #......@.§# #..# # # #..#
#.......O.# #..# # # #.†#
#.........# #..# # # #.<#
#.........# #..# # # #..#
#.........# #..# # # #..#
#.........# #..# # # #..#
#...>.....# #..# # # #..#
#.........# #..# # # #..#
#.........# #..# #


You could see a two-headed ogre.

Vanquished Creatures
  A hydra (D:11)
  A two-headed ogre (D:9)
  8 hell knights (D:10)
  A deep troll (D:11)
  2 necromancers (D:10)
  An ugly thing (D:11)
  A centaur skeleton (D:11)
  The ghost of Mrkan the Shield-Bearer, a novice GrFi of Dithmenos (D:6)
  A queen bee (D:10)
  3 trolls
  A hornet (D:9)
  5 hippogriffs
  A vampire (D:10)
  A wyvern (D:10)
  A hungry ghost (D:11)
  The ghost of Curus the Spear-Bearer, an amateur MfGl of Trog (D:4)
  7 hell hounds (D:10)
  2 porcupines (D:9)
  4 black bears
  9 orc warriors
  8 ice beasts
  4 sky beasts
  2 phantoms
  2 necrophages
  4 centaurs
  6 ogres
  A crocodile (D:10)
  8 big kobolds
  9 bullfrogs
  A scorpion (D:6)
  28 killer bees
  5 wights (D:11)
  6 howler monkeys
  3 crimson imps
  A centaur zombie (D:5)
  A bullfrog zombie (D:9)
  3 jellies
  A wyvern simulacrum (D:6)
  3 hounds
  8 orc priests
  A bullfrog skeleton (D:9)
  9 orc wizards
  Jessica (D:2)
  5 iguanas
  9 worker ants
  A centaur simulacrum (D:6)
  A hound zombie (D:5)
  A hound skeleton (D:7)
  Robin (D:2)
  A worker ant zombie (D:11)
  7 gnolls
  A howler monkey skeleton (D:7)
  7 adders
  2 shadow imps
  3 white imps (D:6)
  2 adder zombies
  An adder skeleton (D:9)
  4 dart slugs
  10 leopard geckos
  71 orcs
  2 bats
  3 giant cockroaches
  11 goblins
  5 hobgoblins
  4 jackals (D:10)
  43 kobolds
  3 quokkas
  5 frilled lizards
  A leopard gecko skeleton (D:7)
  2 rats
  2 fulminant prisms
  A fungus (D:9)
  A plant (D:9)
377 creatures vanquished.

Vanquished Creatures (others)
  79 fulminant prisms
  3 fungi (D:9)
82 creatures vanquished.

Grand Total: 459 creatures vanquished

Notes
Turn   | Place    | Note
-------+----------+-------------------------------------------
     0 | D:1      | Norian the Deep Elf Conjurer began the quest for the Orb.
     0 | D:1      | Reached XP level 1. HP: 10/10 MP: 6/6
   170 | D:1      | Reached XP level 2. HP: 15/15 MP: 4/8
   504 | D:2      | Reached skill level 4 in Spellcasting
   654 | D:2      | Found a shimmering altar of Xom.
   655 | D:2      | Found a blossoming altar of Fedhas.
   657 | D:2      | Reached XP level 3. HP: 19/19 MP: 7/10
   732 | D:2      | Reached skill level 5 in Conjurations
   826 | D:2      | Noticed Jessica
   831 | D:2      | Killed Jessica
  1208 | D:2      | Reached XP level 4. HP: 24/24 MP: 7/12
  1213 | D:2      | Noticed Robin
  1305 | D:3      | Found a burning altar of Makhleb.
  1314 | D:3      | Found a basalt altar of Yredelemnul.
  1495 | D:2      | Killed Robin
  1495 | D:2      | Reached skill level 5 in Spellcasting
  1699 | D:2      | Found a sparkling altar of Nemelex Xobeh.
  1820 | D:3      | Reached XP level 5. HP: 27/28 MP: 3/14
  1930 | D:3      | Learned a level 4 spell: Iskenderun's Mystic Blast
  1935 | D:3      | Learned a level 4 spell: Fulminant Prism
  1939 | D:3      | Learned a level 3 spell: Regeneration
  2457 | D:4      | Reached skill level 1 in Hexes
  2502 | D:4      | Reached skill level 6 in Spellcasting
  2592 | D:4      | Reached XP level 6. HP: 20/32 MP: 11/17
  2655 | D:4      | Found a shadowy altar of Dithmenos.
  2838 | D:4      | Found a runed translucent gate.
  2839 | D:4      | Found a runed translucent gate.
  2844 | D:4      | Noticed Curus's ghost (amateur MfGl)
  2853 | D:4      | Found a runed translucent gate.
  3590 | D:5      | Entered Level 5 of the Dungeon
  3625 | D:4      | Killed Curus's ghost
  3625 | D:4      | Reached skill level 7 in Spellcasting
  3625 | D:4      | Reached XP level 7. HP: 36/36 MP: 6/19
  3768 | D:5      | Reached skill level 1 in Charms
  3785 | D:5      | Reached skill level 1 in Necromancy
  3831 | D:5      | Found Kupeant's Antique Armour Shop.
  3835 | D:5      | Bought a fine robe for 125 gold pieces
  3845 | D:5      | Identified the +1 robe of Marbles {rF+ Dex+4} (You bought
                  | it in a shop on level 5 of the Dungeon)
  4762 | D:6      | Found a staircase to the Ecumenical Temple.
  4779 | D:6      | Reached skill level 5 in Hexes
  4809 | Temple   | Entered the Ecumenical Temple
  4816 | Temple   | Became a worshipper of Vehumet
  4912 | D:6      | Reached XP level 8. HP: 36/41 MP: 2/21
  5117 | D:6      | Found a runed translucent gate.
  5117 | D:6      | Found a runed translucent gate.
  5117 | D:6      | Found a runed translucent gate.
  5330 | D:6      | Reached skill level 8 in Spellcasting
  5402 | D:6      | Noticed Mrkan's ghost (novice GrFi)
  5769 | D:7      | Noticed a hippogriff
  5775 | D:7      | Killed a hippogriff
  5793 | D:7      | Reached skill level 5 in Charms
  5805 | D:7      | Reached * piety under Vehumet
  5805 | D:7      | Offered knowledge of Sandblast by Vehumet.
  5810 | D:7      | Learned a level 3 spell: Vampiric Draining
  6013 | D:7      | Found a white marble altar of Elyvilon.
  6023 | D:7      | Noticed a hippogriff
  6031 | D:7      | Killed a hippogriff
  6031 | D:7      | Reached XP level 9. HP: 37/45 MP: 7/23
  6039 | D:7      | Reached skill level 9 in Spellcasting
  6588 | D:7      | Reached skill level 5 in Necromancy
  7665 | D:6      | Killed Mrkan's ghost
  7760 | D:6      | Got the ring "Dan Peot" {Fire}
  7765 | D:6      | Identified the ring "Dan Peot" {Fire rPois Dex+2 SInv} (You
                  | found it on level 6 of the Dungeon)
  7835 | D:8      | Reached skill level 10 in Spellcasting
  8427 | D:7      | Reached XP level 10. HP: 22/50 MP: 2/26
  8428 | D:7      | Offered knowledge of Freeze by Vehumet.
  8599 | D:8      | Reached ** piety under Vehumet
  8599 | D:8      | Reached skill level 10 in Conjurations
  8613 | D:8      | Reached skill level 11 in Spellcasting
  8726 | D:8      | Found Ojuuryut's Food Shoppe.
  9152 | D:9      | Reached skill level 1 in Armour
  9650 | D:9      | Found a staircase to the Lair.
  9655 | D:9      | Offered knowledge of Ignite Poison by Vehumet.
  9711 | D:9      | Noticed a two-headed ogre
  9718 | D:9      | Killed a two-headed ogre
  9718 | D:9      | Reached skill level 5 in Dodging
  9718 | D:9      | Reached skill level 12 in Spellcasting
  9856 | D:9      | Reached *** piety under Vehumet
 10034 | D:9      | Reached skill level 1 in Evocations
 10558 | D:10     | Entered Level 10 of the Dungeon
 10581 | D:10     | Offered knowledge of Sticky Flame by Vehumet.
 10925 | D:10     | Reached XP level 11. HP: 51/54 MP: 18/29
 11499 | D:10     | Reached **** piety under Vehumet
 11506 | D:10     | Offered knowledge of Lee's Rapid Deconstruction by Vehumet.
 11512 | D:10     | Learned a level 2 spell: Blink
 11641 | D:10     | Reached skill level 1 in Fighting
 11831 | D:10     | Reached skill level 5 in Stealth
 12277 | D:10     | Noticed a hell knight
 12285 | D:10     | Killed a hell knight
 12418 | D:10     | Noticed a necromancer
 12424 | D:10     | Noticed a hell knight
 12425 | D:10     | Noticed a hell knight
 12429 | D:10     | Killed a necromancer
 12431 | D:10     | Noticed a hell knight
 12437 | D:10     | Noticed a hell knight
 12441 | D:10     | Noticed a hell knight
 12443 | D:10     | Killed a hell knight
 12575 | D:10     | Noticed a hell knight
 12575 | D:10     | Noticed a necromancer
 12586 | D:10     | Killed a hell knight
 12586 | D:10     | Reached skill level 5 in Evocations
 12593 | D:10     | Killed a hell knight
 12598 | D:10     | Killed a hell knight
 12598 | D:10     | Reached skill level 1 in Translocations
 12598 | D:10     | Killed a necromancer
 12752 | D:10     | Killed a hell knight
 13024 | D:10     | Killed a hell knight
 13185 | D:10     | Noticed a hell knight
 13195 | D:10     | Killed a hell knight
 13356 | D:11     | Reached ***** piety under Vehumet
 13451 | D:11     | Reached XP level 12. HP: 67/67 MP: 30/30
 13484 | D:11     | Offered knowledge of Poison Arrow by Vehumet.
 13900 | D:11     | Identified the +7 great mace "Oxysug" {crush, Str+7}
 14297 | D:11     | Found a runed translucent door.
 14347 | D:11     | Reached skill level 5 in Fighting
 14508 | D:11     | Found a roughly hewn altar of Beogh.
 14508 | D:11     | Found a staircase to the Orcish Mines.
 14722 | D:11     | Noticed a four-headed hydra
 14757 | D:11     | Killed a four-headed hydra
 14815 | D:11     | Noticed a two-headed ogre
 14822 | D:11     | HP: 3/68 [two-headed ogre/+0 giant spiked club (20)]
 14829 | D:10     | Slain by a two-headed ogre

Levels and vault maps discovered:
D:1:      minmay_arrival_up_and_down, layout_rooms
D:2:      layout_loops_corners, chequers_temple_overflow_statue_of_worship,
          kennysheep_small_spiral, nemelex_spade_bored_becter, uniq_robin,
          uniq_jessica
D:3:      layout_basic, amethyst_overflow_temple_binary
D:4:      layout_gridville, gammafunk_ghost_split,
          nicolae_dithmenos_through_a_glass_darkly
D:5:      layout_loops_corners, serial_shops, shop_statue, first_ration,
          chequers_serial_rivers_marsh
D:6:      layout_loops_ring, minmay_temple_entry_junction, gammafunk_ghost_icy,
          minmay_lizard_king
D:7:      layout_layer_cave, elyvilon_altar_5
D:8:      layout_cave_pools, serial_shops, nicolae_shop_window_shopping
D:9:      layout_basic, grunt_lair_entry_orc_guard_hut
D:10:     layout_long_grid, david_nohive_1, minmay_misc_feat_enclosed,
          minmay_rotating_lava
D:11:     layout_long_grid, david_orc_5, lightli_airlock
Temple:   nicolae_temple_no_exploring_needed

Skill      XL: |  1  2  3  4  5  6  7  8  9 10 11 12 |
---------------+-------------------------------------+-----
Spellcasting   | 4 5 6 7 8 10 12 | 12.9
Conjurations   | 5 6 7 8 9 10 | 10.9
Hexes          | 2 4 5 6 8 |  8.0
Charms         | 2 5 |  5.1
Necromancy     | 2 4 6 |  6.0
Armour         | 3 4 |  4.0
Dodging        | 6 9 |  9.0
Stealth        | 4 5 |  5.0
Evocations     | 2 5 |  5.2
Fighting       | 4 5 |  5.4
Translocations | 3 |  3.1

Action                   |  1- 3 |  4- 6 |  7- 9 | 10-12 || total
-------------------------+-------+-------+-------+-------++-------
Melee: Spear             |       |     7 |    79 |    49 ||   135
 Cast: Magic Dart        |    44 |   122 |   217 |   269 ||   652
       Fulminant Prism   |       |     6 |    22 |    53 ||    81
       Iskenderun's Myst |       |     2 |    51 |   155 ||   208
       Vampiric Draining |       |       |     2 |     2 ||     4
       Regeneration      |       |       |     2 |     2 ||     4
       Blink             |       |       |       |     9 ||     9
Evoke: Wand              |       |       |       |     2 ||     2
  Use: Potion            |       |       |     3 |     1 ||     4
       Scroll            |       |       |     4 |     2 ||     6
  Eat: Chunk             |       |     6 |    15 |     9 ||    30
       Ration            |       |     1 |     1 |     3 ||     5
Armor: Robe              |     1 |     6 |    62 |    22 ||    91
Dodge: Dodged            |     2 |    11 |   110 |    97 ||   220
